 Dungeon Crawl Stone Soup version 0.31-a0-233-g139696dc86 (webtiles) character file.

Game seed: 2141115065545856102

11 Nattfarinn the Ruffian (level 2, -6/25 HPs)
             Began as a Ghoul Reaver on July 9, 2023.
             Mangled by a kobold
             ... wielding a +0 dagger of electrocution
              (20 damage)
             ... on level 1 of the Dungeon.
             The game lasted 00:01:19 (221 turns).

Nattfarinn the Ruffian (Ghoul Reaver)                Turns: 221, Time: 00:01:19

Health: -6/25      AC:  4    Str: 15    XL:     2   Next: 29%
Magic:  3/3        EV: 11    Int:  8    God:
Gold:   13         SH:  0    Dex:  7    Spells: 3/4 levels left

rFire   . .          .
                       - Unarmed
rCold   + . .        (no shield)
rNeg    + + +        a - +0 leather armour
rPois   ∞            (no helmet)
rElec   .            (no cloak)
rCorr   .            (no gloves)
SInv    .            e - +0 pair of boots
Will    .....        (no amulet)
Stlth   +            (no ring)
HPRegen 0.00/turn    (no ring)
MPRegen 0.08/turn

%: no passive effects
@: inhibited regen
A: claws 1, cold resistance 1, negative energy resistance 3, inhibited
regeneration, torment resistance 2, devour on kill
a: no special abilities


You were on level 1 of the Dungeon.
You visited 1 branch of the dungeon, and saw 1 of its levels.

You collected 13 gold pieces.

Inventory:

Armour
 a - a +0 leather armour (worn)
 e - a +0 pair of boots (worn)
Scrolls
 b - a scroll of fear {unknown}
Potions
 c - a potion of brilliance {unknown}
 d - a potion of degeneration {unknown}


   Skills:
 + Level 2.4 Fighting
 - Level 1.7 Dodging
 * Level 3.6 Unarmed Combat
 - Level 1.7 Spellcasting
 - Level 2.4 Conjurations
 * Level 0.9 Translocations


You had 3 spell levels left.
You knew the following spells:

 Your Spells              Type           Power      Damage    Failure   Level
a - Kiss of Death         Conj/Necr      8%         2d6       28%         1

Your spell library contained the following spells:

 Spells                   Type           Power      Damage    Failure   Level
 Apportation              Tloc           4%         N/A       30%         1
 Momentum Strike          Conj/Tloc      6%         3d8       34%         2
 Hailstorm                Conj/Ice       2%         3d3       63%         3
 Alistair's Intoxication  Tmut/Pois      0%         N/A       100%        5


Dungeon Overview and Level Annotations

Branches:
Dungeon (1/15)

Altars:


Innate Abilities, Weirdness & Mutations

You are immune to poison.
You have sharp fingernails.
Your flesh is cold resistant. (rC+)
You are immune to negative energy. (rN+++)
You do not regenerate when monsters are visible.
You are immune to unholy pain and torment.
You thrive by killing the living.


Message History

The bat hits you but does no damage. The bat barely misses you.
You claw the bat!
You kill the bat!
You feel better.
No target in view!
No target in view!
No target in view!
No target in view!
No target in view!
No target in view!
No target in view!
No target in view!
No target in view!
No target in view!
No target in view!
No target in view!
No target in view!
No target in view!
No target in view!
You see here a +0 pair of boots.
e - a +0 pair of boots You start putting on your armour.
You continue putting on your +0 pair of boots. x4
You finish putting on your +0 pair of boots.
Found a hand axe.
A kobold comes into view.
It is wielding a +0 dagger of electrocution.
The kobold shouts!
Found a scroll labelled URES KUSUIF.
You see here a +0 hand axe.
A rat comes into view.
The kobold closely misses you.
You scratch the kobold but do no damage.
The kobold hits you with a +0 dagger of electrocution.
You closely miss the kobold. The kobold hits you but does no damage.
You are electrocuted!
You scratch the kobold.
The kobold is severely wounded.
The kobold hits you but does no damage.
You are electrocuted!!
Ouch! That really hurt!
You die...

#.# #....#....... #.#
#.##...##### #.#
#.###.## ##.###.# #.#
#......# #.# #†.#####
#.# #..#######.###
#............##########.
....###.##.#..).@K.r.?..
....# #.##.#############
.#..###....#
.##.....#### .##.......#
.##.#####.# .##.# #.#
.##.# #.# #.# #.#


You could see a kobold and a rat.

Vanquished Creatures
  An endoplasm (D:1)
  A giant cockroach (D:1)
  3 hobgoblins (D:1)
  A quokka (D:1)
  A bat (D:1)
  3 frilled lizards (D:1)
  A kobold (D:1)
11 creatures vanquished.

Notes
Turn   | Place    | Note
-------+----------+-------------------------------------------
     0 | D:1      | Nattfarinn the Ghoul Reaver began the quest for the Orb.
     0 | D:1      | Reached XP level 1. HP: 17/17 MP: 2/2
   118 | D:1      | Reached XP level 2. HP: 25/25 MP: 3/3
   221 | D:1      | Mangled by a kobold

Illustrated notes

Levels and vault maps discovered:
D:1:      ncdulo_watergridlock, layout_loops_ring, serial_shops,
          nicolae_shop_just_a_little_nook

Action                     || total
---------------------------++-------
  Melee: Unarmed           ||    44
         Punch             ||     1
 Armour: Leather armour    ||    12
  Dodge: Dodged            ||    31

Table legend: (Time is in decaauts)
 A = Elapsed time spent in this place.
 B = Non-inter-level travel time spent in this place.
 C = Inter-level travel time spent in this place.
 D = Time resting spent in this place.
 E = Time spent auto-exploring this place.
 F = Levels seen in this place.
 G = Mean time per level.
                   A        B        C        D        E       F      G
               +--------+--------+--------+--------+--------+-----+--------+
         Total |    219 |    213 |      6 |      0 |    127 |   1 |  219.0 |
       Dungeon |    219 |    213 |      6 |      0 |    127 |   1 |  219.0 |
               +--------+--------+--------+--------+--------+-----+--------+

Top non-repeatable levels by time:
     D:1: 219 daAuts
